AoeStats
← |GaoeG| flamingo

Arabia

509339647Analyzed
2v2 RM · 6d ago on Sep 26, 2026· 41m 0s· 4 players
Game mode
Random Map
Map size
Medium (4 player)
Population
200
Speed
Normal
Resources
Standard
Victory
Conquest
Starting age
Dark Age
Ending age
Imperial Age
RankedLock teamsTeams togetherTeam positionsShared explorationLock speedFull tech treeHidden civsTurbo modeCheats
Victory
Defeat
🇪🇸 Vietnamese · Spain
1267
+3
🇪🇸 Franks · Spain
781
+20
🇫🇷 Bulgarians · France
923
-12
🇮🇳 Spanish · India
893
-16
Jubi
13:09 Feudal Age
14:12 Double-Bit Axe
14:09 Horse Collar
17:52 Stone Mining
17:55 Gold Mining
21:52 Loom
23:41 Forging
26:09 Castle Age
27:39 Squires
27:00 Pikeman
28:18 Iron Casting
27:43 Scale Mail Armor
30:40 Heavy Plow
31:27 Bow Saw
33:03 Stone Shaft Mining
34:32 Chain Mail Armor
34:13 Elite Skirmisher
35:31 Fletching
35:41 Padded Archer Armor
37:05 Gold Shaft Mining
39:04 Ballistics
VCBlade
3:57 Loom
11:08 Feudal Age
11:37 Double-Bit Axe
11:34 Horse Collar
16:41 Gold Mining
22:49 Castle Age
21:51 Fletching
22:02 Padded Archer Armor
22:14 Forging
24:05 Pikeman
25:23 Scale Mail Armor
25:59 Iron Casting
25:20 Bodkin Arrow
27:35 Wheelbarrow
32:41 Bow Saw
33:49 Heavy Plow
39:18 Imperial Age
38:44 Stone Mining
38:58 Squires
38:44 Gambesons
40:10 Hand Cart
39:43 Town Watch
40:08 Inquisition
|GaoeG| flamingo
6:23 Loom
10:13 Feudal Age
11:21 Double-Bit Axe
11:19 Horse Collar
15:43 Forging
17:31 Bloodlines
20:47 Wheelbarrow
23:16 Castle Age
21:09 Gold Mining
22:48 Scale Barding Armor
23:19 Light Cavalry
24:00 Husbandry
24:21 Bow Saw
24:16 Heavy Plow
25:39 Chain Barding Armor
29:12 Fletching
29:22 Padded Archer Armor
30:23 Hand Cart
30:40 Bodkin Arrow
31:01 Leather Archer Armor
30:56 Thumb Ring
35:49 Ballistics
36:03 Stone Mining
41:54 Imperial Age
39:12 Town Watch
claran33
10:55 Feudal Age
10:23 Loom
12:43 Double-Bit Axe
16:26 Gold Mining
18:45 Wheelbarrow
23:10 Castle Age
22:20 Scale Barding Armor
22:33 Forging
24:11 Hand Cart
26:12 Stone Mining
27:02 Chain Barding Armor
28:44 Bow Saw
30:09 Husbandry
35:09 Imperial Age
33:26 Iron Casting
35:23 Cavalier
36:58 Gold Shaft Mining
37:37 Plate Barding Armor
38:49 Paladin
41:28 Blast Furnace
Connection lost

Rejoining the realm…

Still unreachable

The connection could not be restored.

Session expired

The server has moved on; the page needs a fresh start.